 Dungeon Crawl Stone Soup version 0.28.0-53-g5a82cb258f (webtiles) character file.

Game seed: 5240432077294333820

896 RevDB the Ruffian (level 7, -8/59 HPs)
             Began as a Pale Draconian Transmuter on July 1, 2022.
             Was a Believer of Nemelex Xobeh.
             Mangled by an ogre
             ... wielding a +0 giant club
              (16 damage)
             ... on level 6 of the Dungeon.
             The game lasted 00:56:51 (4636 turns).

RevDB the Ruffian (Pale Draconian Transmuter)       Turns: 4636, Time: 00:56:51

Health: -8/59      AC: 10    Str: 14    XL:     7   Next: 78%
Magic:  11/11      EV: 13    Int: 18    God:    Nemelex Xobeh [**....]
Gold:   197        SH:  0    Dex: 12    Spells: 7/12 levels left

rFire   . . .      SeeInvis .     - Unarmed
rCold   . . .      Faith    .   (no shield)
rNeg    + . .      Spirit   .   (armour unavailable)
rPois   +          Reflect  .   (helmet currently unavailable)
rElec   .          Harm     .   u - +2 ratskin cloak {*Rats rPois rN+ Str-1 Int-1 Dex+1}
rCorr   .          Rampage  .   f - +0 pair of gloves
Will    .....                   (boots currently unavailable)
Stlth   +.........              (no amulet)
HPRegen 0.19/turn               e - +6 ring of intelligence
MPRegen 0.12/turn               k - ring of poison resistance

@: appendages (expiring)
A: horns 2, talons 2, breathe steam, AC +6, unfitting armour, cold-blooded,
steam resistance
a: Breathe Steam, End Transformation, Renounce Religion, Draw Escape, Draw
Destruction, Draw Summoning


You were on level 6 of the Dungeon.
You worshipped Nemelex Xobeh.
Nemelex Xobeh was pleased with you.
You had temporarily grown beastly horns and talons.
You visited 1 branch of the dungeon, and saw 7 of its levels.

You collected 197 gold pieces.

Inventory:

Hand Weapons
 d - a +2 dagger of flaming
 w - a +2 short sword of draining
Missiles
 p - 9 poisoned darts (quivered)
Armour
 f - a +0 pair of gloves (worn)
 h - the -3 pair of boots of Leaves {rPois rC+}
   (You found it on level 2 of the Dungeon)

   rC:        It protects you from cold.
   rPois:     It protects you from poison.
 n - a +0 pair of gloves
 u - the +2 ratskin cloak (worn) {*Rats rPois rN+ Str-1 Int-1 Dex+1}
   (You found it on level 5 of the Dungeon)

   When the wearer is hurt, rats may emerge from it to assist them.
   Str:       It affects your strength (-1).
   Int:       It affects your intelligence (-1).
   Dex:       It affects your dexterity (+1).
   rPois:     It protects you from poison.
   rN:        It protects you from negative energy.
Magical Staves
 a - a staff of fire
Jewellery
 e - a +6 ring of intelligence (left hand)
 k - a ring of poison resistance (right hand)
 m - a ring of magical power
 q - a ring of magical power
Scrolls
 c - 3 scrolls of brand weapon
 g - a scroll of amnesia {unknown}
 i - a scroll of vulnerability
 j - 3 scrolls of fear
 o - 3 scrolls of teleportation
 s - a scroll of enchant weapon
Potions
 b - a potion of attraction {unknown}
 l - 2 potions of degeneration {unknown}
 r - a potion of heal wounds {unknown}
 t - a potion of might {unknown}
 v - 2 potions of curing {unknown}


   Skills:
 + Level 4.2 Fighting
 + Level 3.7 Dodging
 + Level 4.8 Unarmed Combat
 - Level 3.0 Spellcasting
 + Level 4.6 Transmutations
 + Level 1.7 Fire Magic
 + Level 1.8 Air Magic
 - Level 1.3 Invocations


You had 7 spell levels left.
You knew the following spells:

 Your Spells              Type           Power      Damage    Failure   Level
a - Beastly Appendage     Tmut           38%        N/A       2%          1
b - Wereblood             Tmut           19%        N/A       3%          2
c - Scorch                Fire           18%        2d6       12%         2

Your spell library contained the following spells:

 Spells                   Type           Power      Damage    Failure   Level
 Passwall                 Tmut/Erth      9%         N/A       10%         2
 Spider Form              Tmut/Pois      11%        N/A       19%         3
 Swiftness                Air            9%         N/A       22%         3
 Ensorcelled Hibernation  Hex/Ice        4%         N/A       24%         2
 Ice Form                 Ice/Tmut       11%        N/A       54%         4
 Flame Wave               Conj/Fire      5%         2d5       75%         4
 Summon Cactus Giant      Summ           1%         N/A       100%        6


Dungeon Overview and Level Annotations

Branches:
Dungeon (7/15)
 Temple: D:4-7

Altars:
Nemelex Xobeh

Shops:
D:1 (   D:2 *


Innate Abilities, Weirdness & Mutations

You have temporarily grown beastly horns and talons.
You can breathe blasts of scalding, opaque steam.
Your pale cyan-grey scales are hard. (AC +6)
You cannot fit into any form of body armour.
You are cold-blooded and may be slowed by cold attacks.
You are immune to the effects of steam.


Message History

The arrow hits you!
Your river rat bites the hound but does no damage.
You barely miss the hound. Your kick misses the hound.
Your headbutt misses the hound. The hound bites you but does no damage.
The centaur shoots an arrow.
The arrow hits you. The hound closely misses you.
Your river rat bites the hound.
The hound bites you.
The centaur shoots an arrow.
The arrow closely misses you.
The centaur shoots an arrow.
The arrow hits you. The hound bites you but does no damage.
Your river rat bites the hound.
The centaur shoots an arrow.
The arrow hits you!
* * * LOW HITPOINT WARNING * * *
The hound bites you.
* * * LOW HITPOINT WARNING * * *
Your river rat bites the centaur.
You hit the hound. You headbutt the hound.
The hound is almost dead.
The hound closely misses you.
Your river rat bites the centaur.
You hit the hound.
You feel a bit better.
You kill the hound!
The centaur shoots an arrow.
The arrow hits you!
* * * LOW HITPOINT WARNING * * *
The centaur shoots an arrow.
The arrow misses you.
Press: ? - help, v - describe, . - travel
Here: a river rat (friendly)
The floor.
Your river rat bites the centaur!
Found 16 gold pieces.
Your river rat returns to the shadows of the Dungeon!
Your primal bloodlust is almost over.
The centaur shoots an arrow.
The arrow hits you.
* * * LOW HITPOINT WARNING * * *
There is a stone staircase leading down here.
There is a stone staircase leading up here.
The ogre barely misses you.
You climb upwards.
Your transformation is almost over.
Your primal bloodlust has ended.
There is a stone staircase leading down here.
The ogre hits you with a +0 giant club!
You die...
Your body disappears without a glow.

#.......##....##
..#
#<......##.##..
..#
#........#.##...
..
#................
..
#...........###..#
. #........#..#
.### #####......##
.# #>O....####
#.@....# #......#
#.....## #.
#.....# #.
###..... #.
#..#### #. ...#
###. .#.# ... ##.


You could see an ogre.

Vanquished Creatures
  A sky beast (D:6)
  A necrophage (D:6)
  A scorpion (D:5)
  3 water moccasin skeletons
  2 howler monkeys
  A centaur zombie (D:5)
  3 hounds
  An orc priest (D:6)
  A centaur skeleton (D:5)
  3 iguanas
  3 adders
  4 gnolls (D:2)
  An ufetubus (D:5)
  An adder zombie (D:5)
  A worm (D:5)
  3 dart slugs
  11 orcs
  5 ball pythons
  7 bats
  5 endoplasms
  2 giant cockroaches (D:1)
  3 goblins
  9 hobgoblins
  6 jackals
  12 kobolds
  A quokka (D:1)
  3 frilled lizards
  6 rats
100 creatures vanquished.

Vanquished Creatures (others)
  A plant (D:1)
1 creature vanquished.

Grand Total: 101 creatures vanquished

Notes
Turn   | Place    | Note
-------+----------+-------------------------------------------
     0 | D:1      | RevDB the Draconian Transmuter began the quest for the Orb.
     0 | D:1      | Reached XP level 1. HP: 16/16 MP: 3/3
   194 | D:1      | Reached XP level 2. HP: 22/23 MP: 3/5
   345 | D:1      | Found Zonay's Antique Weapon Shoppe.
   577 | D:1      | Learned a level 2 spell: Wereblood
   586 | D:1      | Reached XP level 3. HP: 27/29 MP: 4/6
   962 | D:2      | Identified the -3 pair of boots of Leaves {rPois rC+}
  1135 | D:2      | Reached XP level 4. HP: 36/36 MP: 4/7
  1219 | D:2      | Found a sparkling altar of Nemelex Xobeh.
  1224 | D:2      | Found Gegiycoe's Assorted Antiques.
  1233 | D:2      | Became a worshipper of Nemelex Xobeh the Trickster
  1854 | D:3      | Found a faded altar of an unknown god.
  2033 | D:3      | Reached XP level 5. HP: 42/42 MP: 4/8
  2900 | D:4      | Reached * piety under Nemelex Xobeh
  2976 | D:5      | Entered Level 5 of the Dungeon
  3066 | D:5      | Received a gift from Nemelex Xobeh
  3107 | D:5      | Reached skill level 1 in Invocations
  3348 | D:5      | Reached XP level 6. HP: 42/51 MP: 6/10
  3960 | D:5      | Found the +2 ratskin cloak {*Rats rPois rN+ Str-1 Int-1
                  | Dex+1}
  3972 | D:5      | Your scales start taking on a pale cyan-grey colour.
  3972 | D:5      | Reached XP level 7. HP: 57/57 MP: 8/11
  3972 | D:5      | Gained mutation: You are immune to the effects of steam.
                  | [Pale Draconian growth]
  3975 | D:5      | Learned a level 2 spell: Scorch
  4168 | D:6      | Reached ** piety under Nemelex Xobeh
  4334 | D:6      | Reached skill level 1 in Air Magic
  4496 | D:6      | Reached skill level 1 in Fire Magic
  4636 | D:6      | Mangled by an ogre

Illustrated notes

Levels and vault maps discovered:
D:1:      dpeg_arrival_boxorama, layout_basic, serial_shops,
          nicolae_shop_overgrown_old_shop, minivault_26
D:2:      layout_rooms, basic_altar, serial_shops, nicolae_diamond_shop,
          corexii_item_surrounded_by_moat, guppyfry_early_lair_pool
D:3:      layout_basic, shapermc_ecumenical_altar_totnotflames,
          nicolae_figureground_pulse
D:4:      layout_loops_corners, serial_forest, infiniplex_forest_clump_tiny,
          infiniplex_forest_clump_double, infiniplex_forest_clump_tiny,
          infiniplex_forest_lined_3, infiniplex_forest_zigzag_1,
          infiniplex_forest_fountain, infiniplex_forest_straight_3,
          infiniplex_forest_lined_2, chequers_jeans, uniq_eustachio
D:5:      layout_loops_corners
D:6:      layout_rooms, minivault_19, grunt_tough_drop
D:7:      layout_loops_ring, minmay_temple_entry_grid, enter_bailey_2,
          enter_ossuary_5, uniq_joseph, uniq_maggie, uniq_harold

Skill      XL: |  1  2  3  4  5  6  7 |
---------------+----------------------+-----
Dodging        | 2 3 |  3.7
Fighting       | 2 3 4 |  4.2
Transmutations | 3 4 |  4.6
Invocations    | 1 |  1.3
Unarmed Combat | 4 |  4.8
Spellcasting   | 3 |  3.0
Air Magic      | 1 |  1.8
Fire Magic     | 1 |  1.7

Action                   |  1- 3 |  4- 6 |  7- 9 || total
-------------------------+-------+-------+-------++-------
Melee: Unarmed           |    54 |    28 |    57 ||   139
       Kick              |    13 |    40 |    18 ||    71
       Tailslap          |    16 |    17 |     8 ||    41
       Headbutt          |     6 |    20 |    13 ||    39
       Dagger            |    64 |   131 |       ||   195
       Punch             |     2 |     7 |       ||     9
 Cast: Beastly Appendage |    12 |    22 |     8 ||    42
       Wereblood         |     4 |    10 |     3 ||    17
       Scorch            |       |       |     2 ||     2
  Use: Scroll            |       |     7 |     1 ||     8
       Potion            |       |     1 |       ||     1
Armor: Skin              |    29 |    36 |    23 ||    88
Dodge: Dodged            |    61 |   102 |    35 ||   198
